[Event "*** Titled Tuesday 3|2 Blitz (Early)"]
[Site "Chess.com"]
[Date "2016.12.06"]
[Round "8"]
[White "Jungle_Jaguar"]
[Black "RodinMihail"]
[Result "1/2-1/2"]
[WhiteElo "2404"]
[BlackElo "2422"]
[TimeControl "180+2"]
[EndTime "12:47:37 PST"]
[Termination "Game drawn - insufficient material"]

1. c4 e6 2. Nc3 d5 3. cxd5 exd5 4.
d4 c6 5. Nf3 Nf6 6. Bg5 h6 7. Bf4 Bf5 8. e3 Bd6 9. Be5 Qe7 10. Bd3 Bxd3 11. Qxd3 Nbd7 12. Bxd6 Qxd6 13. O-O O-O 14. a3 a5 15. Rfe1 Rfe8 16. h3 Ne4 17.
Nd2 f5 18. f3 Nxd2 19. Qxd2 Re6 20. e4 fxe4 21. fxe4 dxe4 22. Rxe4 Rae8 23. Rae1 Nf6 24. Rxe6 Rxe6 25. Re3 Qe7 26. Rxe6 Qxe6 27. Qe2 Qxe2 28. Nxe2 Kf7 29. Kf2 Ke6 30. Ke3 g5 31. g4 h5 32.
gxh5 Nxh5 33. Nc3 Nf4 34. Ne4 Nxh3 35. Nc5+ Kd5 36. Nxb7 g4 37. Nxa5 Ng5 38. Kf4 Ne6+ 39. Kxg4 Nxd4 40. Kf4 Nc2 41. Kf3 Kc5 42. Ke2 Kb5 43.
Kd2 Nxa3 44. Nxc6 Nc4+ 45. Kc3 Nxb2 46. Nd4+ Kc5 47. Nb3+ Kd5 48. Kxb2 1/2-1/2

[Event "*** Titled Tuesday 3|2 Blitz (Early)"]
[Site "Chess.com"]
[Date "2016.12.06"]
[Round "8"]
[White "sorito"]
[Black "Pierrebl"]
[Result "1-0"]
[WhiteElo "2380"]
[BlackElo "2475"]
[TimeControl "180+2"]
[EndTime "12:47:43 PST"]
[Termination "sorito won on time"]

1. b3 Nf6 2. Bb2 g6 3. Bxf6 exf6 4. c4 Bg7 5. Nc3 f5 6. Rc1 O-O 7. g3 d6 8. Bg2 Nd7 9. Nh3 Nf6 10. Nf4 c6 11. h4 Re8 12. e3 Ne4 13. Nxe4 fxe4 14.
d4 exd3 15. Qxd3 Bf5 16. Qd2 h6 17. O-O Qe7 18. Rfd1 Rad8 19. b4 Be5 20. b5 Rc8 21. bxc6 bxc6 22. Nd3 Red8 23. Nxe5 dxe5 24. Qa5 Rxd1+ 25. Rxd1 Qc7 26. Qxc7 Rxc7 27. c5 Be6 28. a3 Kf8 29. Rd6 Bd7 30. h5 gxh5 31. Rxh6 Be6 32. Rxh5 f6 33. Rh8+ Kg7 34. Rd8 Kf7 35. Rd6 Bd7 36.
f4 exf4 37. exf4 Ke7 38. Kf2 Rb7 39. Bxc6 Rb2+ 40. Ke3 Rb3+ 41. Kd4 Bxc6 42. Rxc6 Rxa3 43. g4 Rg3 44. f5 Rxg4+ 45. Kd5 Rf4 46. Rc7+ Kd8 47.
Kd6 Rxf5 48. Rxa7 Kc8 49. c6 Kb8 50. Rb7+ Kc8 51. Rf7 Kb8 52. c7+ Kb7 53. Rf8 Rc5 54. Kxc5 1-0

[Event "*** Titled Tuesday 3|2 Blitz (Early)"]
[Site "Chess.com"]
[Date "2016.12.06"]
[Round "8"]
[White "Holden-Caulfield"]
[Black "micfel"]
[Result "1-0"]
[WhiteElo "2475"]
[BlackElo "2291"]
[TimeControl "180+2"]
[EndTime "12:47:50 PST"]
[Termination "Holden-Caulfield won by resignation"]

1. d4 d5 2. Nf3 c6 3. Bf4 e6 4. Nbd2 Bd6 5. Bg3 f5 6. e3 Nf6 7.
Ne5 O-O 8. c4 Ne4 9. Nxe4 fxe4 10. c5 Bc7 11. a3 Nd7 12. Nxd7 Bxd7 13. Be2 e5 14. dxe5 Qe7 15. Qd4 Rae8 16. Rd1 Bxe5 17. Bxe5 Qxe5 18. Qxe5 Rxe5 19. Rd2 Rg5 20. g3 Bh3 21. Rg1 Rgf5 22. Bd1 g6 23. g4 Rg5 24. Rg3 Bxg4 25. Bxg4 Kg7 26. Bd1 Rgf5 27. b4 a5 28. Rb2 R5f7 29. Rg2 axb4 30. axb4 Ra8 31. h4 Ra1 32. h5 Rf8 33. hxg6 hxg6 34. Kd2 Kh6 35. Be2 Rfa8 36. Rh2+ Kg7 37. Rg2 Kh6 38. f3 R8a2 39. Kc2 exf3 40. Bxf3 Ra3 41. Kd2 R1a2 42. Rxa2 Rxa2+ 43. Kc3 Ra3+ 44. Kd4 Rb3 45. Be2 Rxb4+ 46. Ke5 Re4+ 47. Kd6 Rxe3 48. Kc7 Rc3 49. Kb6 Rb3+ 50. Kc7 Rc3 51. Kd6 Rb3 52. Bg4 b6 53. Kxc6 bxc5 54. Kxc5 Rb1 55. Kxd5 Rb5+ 56. Ke6 Rb6+ 57. Ke5 Rb5+ 58.
Kf6 Kh7 59. Rh2+ Kg8 60. Be6+ 1-0

[Event "*** Titled Tuesday 3|2 Blitz (Early)"]
[Site "Chess.com"]
[Date "2016.12.06"]
[Round "8"]
[White "RitvarsReimanis"]
[Black "popov_m"]
[Result "0-1"]
[WhiteElo "2393"]
[BlackElo "2317"]
[TimeControl "180+2"]
[EndTime "12:48:07 PST"]
[Termination "popov_m won by checkmate"]

1. d4 Nf6 2. c4 g6 3. f3 Bg7 4. e4 d6 5. Ne2 O-O 6. Nec3 e5 7. d5 a5 8. Be2 Na6 9. Bg5 Nc5 10. Qd2 Bd7 11. h4 Qe8 12. Bxf6 Bxf6 13. h5 Qe7 14. hxg6 fxg6 15. Qh6 Bg5 16. Qh2 a4 17. Na3 c6 18. Rd1 Rab8 19. Nc2 cxd5 20. Rxd5 Ne6 21. Rxd6 Bf4 22. Nd5 Qg7 23. g3 Bg5 24. Nb6 Nc5 25. Qf2 Rbc8 26. Nxc8 Rxc8 27. Rd5 Ne6 28. Qb6 Bc6 29.
Rd6 Bd8 30. Qe3 Qe7 31. Rd1 Ba5+ 32. Kf2 Rf8 33. Kg2 Bc7 34. Qh6 Bb6 35. b3 axb3 36.
axb3 Ra8 37. Ra1 Rd8 38. Rhd1 Rf8 39. Qd2 Nc5 40. b4 Nxe4 41. fxe4 Bxe4+ 42. Kh2 Rf2+ 43. Kh3 Bg2+ 44. Kg4 h5# 0-1

[Event "*** Titled Tuesday 3|2 Blitz (Early)"]
[Site "Chess.com"]
[Date "2016.12.06"]
[Round "8"]
[White "MyleneFarmer"]
[Black "AmazingAtlas"]
[Result "1-0"]
[WhiteElo "2381"]
[BlackElo "2302"]
[TimeControl "180+2"]
[EndTime "12:48:13 PST"]
[Termination "MyleneFarmer won by resignation"]

1. e4 c5 2. Nf3 Nc6 3. Bb5 d6 4. d4 cxd4 5. Qxd4 Bd7 6. Qd3 g6 7. c4 Bg7 8. Nc3 Nf6 9. O-O O-O 10. Be3 Nb4 11. Qb1 Bg4 12. Nd2 a6 13. Ba4 Bd7 14. a3 Nc6 15. b4 Rc8 16. Bxc6 bxc6 17. Qd3 d5 18. Rac1 dxc4 19. Qxc4 a5 20. Rfd1 Be6 21. Qe2 axb4 22. axb4 Qc7 23. Nc4 Ng4 24. g3 Bxc4 25.
Qxc4 Nxe3 26. fxe3 Qb6 27. Qc5 Qb7 28. Ne2 Rfd8 29.
Rxd8+ Rxd8 30. Nd4 Bh6 31. Kf2 Qd7 32. Nf3 Rc8 33.
Qd4 Qb7 34. e5 Ra8 35. Rc2 Ra4 36. e6 fxe6 37. Qd8+ Kg7 38. Qd4+ Kg8 39. Qd8+ Kg7 40.
Nd4 Rxb4 41. Nxe6+ Kf7 42. Nc7 Re4 43. Qe8+ Kg7 44.
Qxc6 Bxe3+ 45. Kf3 Qb4 46. Qxe4 1-0

[Event "*** Titled Tuesday 3|2 Blitz (Early)"]
[Site "Chess.com"]
[Date "2016.12.06"]
[Round "8"]
[White "ftorodent"]
[Black "Schemato"]
[Result "1-0"]
[WhiteElo "2495"]
[BlackElo "2304"]
[TimeControl "180+2"]
[EndTime "12:48:50 PST"]
[Termination "ftorodent won on time"]

1. d4 e6 2. c4 f5 3. g3 Nf6 4. Bg2 c6 5. Nh3 d6 6. O-O Be7 7. Nc3 O-O 8. e4 fxe4 9. Nxe4 Nxe4 10. Bxe4 e5 11. dxe5 dxe5 12. Qh5 g6 13. Qh6 Bxh3 14. Qxh3 Qd7 15. Qg2 Na6 16. Bh6 Rfd8 17. h4 Nc5 18. Bc2 Qe6 19. b4 Nd3 20. b5 e4 21. Be3 Bf6 22.
Rad1 Kh8 23. bxc6 bxc6 24. c5 Qxa2 25. Bxd3 exd3 26. Qxc6 Bg7 27. Rxd3 Qc4 28. Rd7 Rac8 29. Bh6 Rxc6 30. Rxd8+ Qg8 31. Bxg7+ Kxg7 32. Rxg8+ Kxg8 33. Rc1 Kf7 34. Ra1 a6 35. Ra5 h5 36. Kg2 Ke6 37. Kf3 Kd5 38. Kf4 Kc4 39. Kg5 Kb4 40. Ra1 Kxc5 41. Rc1+ Kb5 42. Rxc6 Kxc6 43. Kxg6 a5 44. f4 a4 45. f5 a3 46. f6 a2 47. f7 a1=Q 48. f8=Q Qd1 49. Qf6+ Kc7 50. Qe5+ Kd8 51. Qxh5 Qd3+ 52. Qf5 1-0

[Event "*** Titled Tuesday 3|2 Blitz (Early)"]
[Site "Chess.com"]
[Date "2016.12.06"]
[Round "8"]
[White "Kawhi_Leonard2"]
[Black "Ind1anStar"]
[Result "1/2-1/2"]
[WhiteElo "2233"]
[BlackElo "2174"]
[TimeControl "180+2"]
[EndTime "12:48:51 PST"]
[Termination "Game drawn - insufficient material"]

1. e4 e5 2. Nf3 Nf6 3. Nxe5 d6 4.
Nf3 Nxe4 5. Nc3 Nxc3 6. dxc3 Be7 7. Bd3 Nd7 8. h4 Nc5 9. Ng5 h6 10. Ne4 Nxe4 11. Bxe4 Bxh4 12. Qf3 Qe7 13. Be3 c6 14.
O-O-O Bd7 15. Kb1 O-O-O 16. Bxa7 Kc7 17. Qe3 c5 18. Bxc5 dxc5 19. Qf4+ Kc8 20. Qxh4 g5 21.
Bxb7+ Kxb7 22. Qc4 Bc6 23. Rde1 Qd6 24. Qxf7+ Rd7 25.
Qb3+ Kc7 26. f3 Re8 27. a4 Rb8 28. Qa3 Ra8 29. b3 c4 30. Qxd6+ Rxd6 31. Kb2 Rd2 32. Rxh6 cxb3 33. Re7+ Bd7 34. Kxb3 Rb8+ 35. Kc4 Rxg2 36. Rhh7 Rd8 37. a5 Rxc2 38. Kb3 Rd2 39. a6 Ra8 40. Rh6 Rd6 41. Rxd6 Kxd6 42. Rg7 Be6+ 43. Kc2 Rxa6 44. Rxg5 Ra2+ 45. Kd3 Ke7 46. Ke3 Kf6 47. Rc5 Rc2 48. Kf4 Rc1 49. Rc6 Re1 50. Rc5 Rh1 51.
Rc6 Rh4+ 52. Kg3 Ra4 53. Rc5 Kg6 54. Kf2 Kf6 55. Kg3 Ra2 56. Kf4 Ra4+ 57. Kg3 Rc4 58. Rxc4 Bxc4 59. Kf4 Be6 60. Ke4 Bf7 61. f4 Be6 62.
Ke3 Kf5 63. Kf3 Bd5+ 64. Ke3 Bf7 65. Kd4 Kxf4 66. c4 Bxc4 1/2-1/2

[Event "*** Titled Tuesday 3|2 Blitz (Early)"]
[Site "Chess.com"]
[Date "2016.12.06"]
[Round "8"]
[White "bugsbunny444"]
[Black "Lector118"]
[Result "0-1"]
[WhiteElo "2387"]
[BlackElo "2344"]
[TimeControl "180+2"]
[EndTime "12:48:51 PST"]
[Termination "Lector118 won by checkmate"]

1. Nf3 Nf6 2. c4 g6 3. b4 Bg7 4. Bb2 O-O 5. g3 d6 6. Bg2 e5 7.
O-O Nbd7 8. d3 Re8 9. Nbd2 e4 10.
dxe4 Nxe4 11. Bxg7 Kxg7 12. Nxe4 Rxe4 13. Nd4 Re8 14. e3 Ne5 15. c5 dxc5 16. bxc5 c6 17. Rb1 Qc7 18. Qb3 Nd7 19. Rfc1 Re5 20. Qa3 Nf6 21. Rb3 Re7 22. Qb2 a5 23. a3 a4 24. Rb4 Ra5 25. Rcc4 Qe5 26. Qc1 Nd7 27. Nf3 Qh5 28. Rxa4 Rxa4 29. Rxa4 Nxc5 30. Qc3+ f6 31. Rh4 Ne4 32. Qb4 Qc5 33. Rxe4 Qc1+ 34. Bf1 Rxe4 35.
Qxe4 Bh3 36. Nd2 Bxf1 37. Nxf1 Qxa3 38. Qe6 Qb4 39. Qd7+ Kg8 40. Qd8+ Kg7 41. Qd7+ Kg8 42. e4 c5 43. Ne3 Qb1+ 44. Kg2 Qxe4+ 45. Kg1 Qb1+ 46.
Kg2 Qe4+ 47. Kh3 Qf3 48. Qc8+ Kg7 49. Qxc5 Qxf2 50. Qe7+ Kg8 51. Ng4 Qf1+ 52. Kh4 g5+ 53. Kh5 Qh3# 0-1

[Event "*** Titled Tuesday 3|2 Blitz (Early)"]
[Site "Chess.com"]
[Date "2016.12.06"]
[Round "8"]
[White "Morpheus4"]
[Black "norwaytoadog"]
[Result "1-0"]
[WhiteElo "1944"]
[BlackElo "1926"]
[TimeControl "180+2"]
[EndTime "12:48:56 PST"]
[Termination "Morpheus4 won on time"]

1. d4 Nf6 2. Nf3 e6 3. Bg5 d5 4.
Nbd2 Be7 5. e3 h6 6. Bh4 O-O 7. Bd3 b6 8. Ne5 c5 9. c3 Bb7 10. g4 Ne8 11. Bxe7 Qxe7 12. h4 Nc6 13. Ndf3 Nd6 14. Nxc6 Bxc6 15. Ne5 Bb5 16. g5 Bxd3 17. gxh6 Bf5 18. hxg7 Kxg7 19. Qh5 Bg6 20. Qg4 Kh7 21.
h5 Bf5 22. Qf4 Rg8 23. O-O-O f6 24. Ng6 Qd7 25. Rdg1 cxd4 26. exd4 Ne4 27. Rg2 Rac8 28. f3 Nxc3 29. bxc3 Rxc3+ 30. Kd1 Qa4+ 31. Ke2 Qxa2+ 32. Kf1 Rc1+ 33. Qxc1 Qa6+ 34. Kg1 Rc8 35. Qd2 Qa1+ 36. Kh2 Qa3 37. Nh4 Qf8 38. Nxf5 exf5 39. Qf4 Rc3 40.
Qxf5+ Kh8 41. Rhg1 Qd6+ 42. f4 1-0

[Event "*** Titled Tuesday 3|2 Blitz (Early)"]
[Site "Chess.com"]
[Date "2016.12.06"]
[Round "8"]
[White "Morshynska"]
[Black "RamonManon0g"]
[Result "0-1"]
[WhiteElo "2115"]
[BlackElo "2278"]
[TimeControl "180+2"]
[EndTime "12:48:57 PST"]
[Termination "RamonManon0g won by resignation"]

1. Nf3 Nf6 2. g3 g6 3. Bg2 d5 4. O-O Bg7 5. d4 O-O 6. b3 c6 7. Bb2 Nbd7 8. Nbd2 Re8 9. c4 b6 10. Rc1 Bb7 11. Ne5 a5 12. a3 Rc8 13. e3 h5 14. Qe2 Nxe5 15. dxe5 Ng4 16. f4 c5 17. cxd5 Bxd5 18. e4 Bc6 19. h3 Nh6 20. a4 Qc7 21.
Nc4 Rcd8 22. g4 hxg4 23. hxg4 Rb8 24. g5 b5 25. axb5 Bxb5 26. gxh6 Bxh6 27. e6 Bxc4 28. Qxc4 f6 29. Rc3 Bxf4 30. Rh3 Kg7 31. Bc1 Bxc1 32. Qxc1 Rh8 33. Rxh8 Rxh8 34. Qf4 Qb6 35. e5 f5 36. Bd5 c4+ 37. Qf2 Qxf2+ 38. Rxf2 cxb3 39. Bxb3 Rh3 40. Bc4 Re3 41. Re2 Rc3 42.
Ba2 a4 43. Kf2 a3 44. Re3 Rc2+ 45. Re2 Rb2 46. Kf3 g5 47. Ke3 f4+ 48. Kd3 Kg6 49. Bd5 Rxe2 50. Kxe2 Kf5 51. Kf3 g4+ 52. Kg2 Kxe5 53.
Ba2 Ke4 54. Kf2 Kd3 55. Kg2 Kc3 56. Kf2 Kb2 57. Bd5 a2 58. Bxa2 Kxa2 0-1

[Event "*** Titled Tuesday 3|2 Blitz (Early)"]
[Site "Chess.com"]
[Date "2016.12.06"]
[Round "8"]
[White "Tash_Boy"]
[Black "Fandorine"]
[Result "0-1"]
[WhiteElo "2472"]
[BlackElo "2626"]
[TimeControl "180+2"]
[EndTime "12:49:07 PST"]
[Termination "Fandorine won by resignation"]

1. e4 c5 2. Nf3 d6 3. d4 Nf6 4. Nc3 cxd4 5. Nxd4 a6 6. Bg5 Nbd7 7. Qe2 Qc7 8. f4 g6 9. O-O-O Bg7 10. Nf3 e5 11. fxe5 dxe5 12. Qc4 Qxc4 13. Bxc4 b5 14. Bd5 Nxd5 15. Nxd5 Ra7 16. Rhf1 f6 17. Be3 Rb7 18.
b4 O-O 19. g4 Re8 20. Rd2 Nb8 21. h3 Nc6 22. Bc5 Be6 23. Kb1 a5 24. a3 axb4 25.
axb4 Rf7 26. Rdf2 Rd7 27. Rd2 Bxd5 28. exd5 Ne7 29. Rfd1 e4 30. Bxe7 Rexe7 31. Nd4 e3 32. Rd3 Re4 33. Nc6 f5 34. gxf5 gxf5 35. d6 f4 36. Ne7+ Kf7 37. Nf5 Bf6 38. Rf1 Ke6 39.
Nh6 Rxd6 40. Ng4 Rxd3 41. Nxf6 Rxb4+ 42. Kc1 e2 43. Re1 Rd1+ 44. Rxd1 Rb1+ 45. Kxb1 exd1=Q+ 0-1

[Event "*** Titled Tuesday 3|2 Blitz (Early)"]
[Site "Chess.com"]
[Date "2016.12.06"]
[Round "8"]
[White "Cecile_Haussernot"]
[Black "Divertissement"]
[Result "1-0"]
[WhiteElo "2288"]
[BlackElo "2426"]
[TimeControl "180+2"]
[EndTime "12:49:20 PST"]
[Termination "Cecile_Haussernot won by resignation"]

1. e4 c5 2. Nf3 e6 3. d4 cxd4 4.
Nxd4 Nc6 5. Nc3 Qc7 6. f4 a6 7. Nxc6 Qxc6 8. Bd3 b5 9. Qe2 Bb7 10. Bd2 Bc5 11. O-O-O Ne7 12. a3 Rc8 13. Rhf1 b4 14.
axb4 Bxb4 15. f5 f6 16. e5 O-O 17. Be4 Qc7 18. fxe6 dxe6 19. Bxb7 Qxb7 20. exf6 Rxf6 21. Rxf6 gxf6 22. Qxe6+ Kg7 23. Bh6+ Kxh6 24. Qxf6+ Ng6 25. Rd4 Rc5 26. Ne4 Re5 27. g4 Be7 28. Qf3 Qc7 29.
Ng3 Re1+ 30. Kd2 Qe5 31. Nf5+ Kg5 32. Rd3 Qf4+ 33. Qxf4+ Nxf4 34. Kxe1 Nxd3+ 35. cxd3 Bb4+ 36. Ke2 Kxg4 37. Ne3+ Kh3 38. Nf1 Kg2 39. d4 h5 40. d5 h4 41. h3 Kxh3 42. Kf3 Bd6 43. b3 Be5 44. Ne3 Bd6 45. Nf5 Be5 46. d6 Kh2 47. d7 Bf6 48. Kg4 h3 49. Ne3 Bd8 50.
b4 Bc7 51. Nd5 Bd8 52. Nf4 Kg1 53. Nxh3+ Kf1 54. Nf4 Kf2 55. Ne6 Be7 56. Kf4 Ke2 57.
Ke4 Kd2 58. Kd4 Kc2 59. Kc4 Kb2 60. d8=Q Bxd8 61. Nxd8 Ka3 62. Nb7 Ka4 63. Na5 Ka3 64.
Kc5 Ka4 65. Nc6 Ka3 66. Kb6 1-0

[Event "*** Titled Tuesday 3|2 Blitz (Early)"]
[Site "Chess.com"]
[Date "2016.12.06"]
[Round "8"]
[White "Hieronymus00"]
[Black "renanreis"]
[Result "1-0"]
[WhiteElo "2129"]
[BlackElo "1991"]
[TimeControl "180+2"]
[EndTime "12:49:40 PST"]
[Termination "Hieronymus00 won by resignation"]

1. e4 c5 2. Nf3 d6 3. d4 cxd4 4.
Nxd4 Nf6 5. Nc3 a6 6. Bg5 e6 7. f4 Be7 8. Qf3 Qc7 9. O-O-O Nbd7 10. g4 h6 11. Bxf6 Nxf6 12. Bd3 b5 13. h4 Bb7 14. g5 hxg5 15. hxg5 Rxh1 16. Rxh1 Nd7 17. g6 Nf6 18. f5 e5 19. gxf7+ Kxf7 20. Ne6 Qb6 21. Nd5 Bxd5 22.
exd5 Rg8 23. a3 Qb7 24. Be4 Nxe4 25. Qxe4 Bf6 26. Rd1 Rh8 27. Qg4 Qc8 28. Qg6+ Kg8 29. Ng5 Qf8 30. Ne4 Rh6 31. Qg4 Qe7 32. Rg1 Kf8 33. Qe2 Rh4 34. Qd3 Qc7 35. Nxf6 gxf6 36. Qg3 Qh7 37. Kb1 Rh3 38. Qf2 Rh2 39. Qb6 Qxf5 40.
Qxd6+ Kf7 41. Qc7+ Kf8 42. Qd8+ Kf7 43. Qg8+ Ke7 44.
Rg7+ Kd6 45. Qd8+ Kc5 46. Qc7+ Kd4 47. Qb6+ Ke4 48. Rg1 Qf2 49. Qxf2 Rxf2 50. Rd1 Rh2 51. d6 Rh8 52. d7 Rd8 53. a4 bxa4 54. c4 f5 55. c5 f4 56. c6 f3 57. c7 Rxd7 58.
Rxd7 f2 59. Rf7 Ke3 60. c8=Q 1-0

[Event "*** Titled Tuesday 3|2 Blitz (Early)"]
[Site "Chess.com"]
[Date "2016.12.06"]
[Round "8"]
[White "AdrianaNikolova"]
[Black "biostatistician"]
[Result "0-1"]
[WhiteElo "2263"]
[BlackElo "2484"]
[TimeControl "180+2"]
[EndTime "12:49:42 PST"]
[Termination "biostatistician won by resignation"]

1. e4 e6 2. d4 d5 3. Nd2 Nc6 4. Ngf3 Nf6 5. e5 Ne4 6. Bd3 Nxd2 7. Bxd2 Nb4 8. Be2 c5 9. c3 Nc6 10. O-O Bd7 11. Bg5 Qb6 12. Qd2 cxd4 13. cxd4 h6 14.
Be3 Bb4 15. Qd3 Rc8 16. a3 Be7 17. b4 a5 18. b5 Na7 19. a4 O-O 20. Bd1 Nxb5 21.
Bc2 Rxc2 22. Qxc2 Na7 23. Rfb1 Qc6 24. Qxc6 Bxc6 25. Bd2 Bd8 26. Rc1 Nc8 27. Rc5 Bb6 28.
Rc2 Ne7 29. Rb1 Bd8 30. Rc5 b6 31. Rc2 Bxa4 32. Rcb2 b5 33. Rxb5 Bxb5 34. Rxb5 a4 35. Rb4 a3 36. Ra4 Nc6 37. Rxa3 Bb6 38. Ra6 Rb8 39.
g3 Nxd4 40. Nxd4 Bxd4 41. Bf4 g5 42. Be3 Bxe5 43. Ra7 Kg7 44. Kg2 Rb3 45. Bc5 Rb5 46. Be7 d4 47. Rd7 Kg6 48. Rd8 g4 49. h3 h5 50. hxg4 hxg4 51. Rg8+ Kh7 52. Rxg4 d3 53. Rh4+ Kg6 54. Rg4+ Kf5 55. Rg5+ Ke4 56. Rg4+ Kd5 57.
Bg5 Rb2 58. Kf3 Bd4 59. Rxd4+ Kxd4 60. Bf6+ e5 61. Kg4 Rxf2 62. Bg5 d2 63. Bxd2 Rxd2 64.
Kf5 e4 0-1

[Event "*** Titled Tuesday 3|2 Blitz (Early)"]
[Site "Chess.com"]
[Date "2016.12.06"]
[Round "8"]
[White "PowerThinking2650"]
[Black "stefanodinn"]
[Result "0-1"]
[WhiteElo "2133"]
[BlackElo "2191"]
[TimeControl "180+2"]
[EndTime "12:49:43 PST"]
[Termination "stefanodinn won by resignation"]

1. e4 c5 2. Nf3 d6 3. d4 cxd4 4.
Nxd4 Nf6 5. Nc3 a6 6. Be3 e6 7. f3 h5 8. Qd2 Nbd7 9. O-O-O b5 10. Bd3 Bb7 11. Qf2 Qa5 12. Kb1 Rc8 13. Nce2 Be7 14. g3 d5 15. exd5 Nxd5 16. Bd2 Qb6 17. f4 b4 18. Ka1 Bf6 19. Rhf1 Nc5 20. Nf3 Nxd3 21. Qxb6 Bxb2+ 22. Kb1 Nxb6 23. cxd3 Bc3 24. Bxc3 bxc3 25. Kc2 Nd5 26. Rb1 Bc6 27. Rfe1 Ba4+ 28. Kc1 O-O 29. Ned4 Rfd8 30. Nc2 g6 31. Ne5 a5 32.
Re4 Bxc2 33. Kxc2 Nb4+ 34. Rbxb4 axb4 35. Rxb4 Ra8 36. a4 Rdc8 37. Nc4 Rcb8 38. Rxb8+ Rxb8 39. Kxc3 Kf8 40. a5 Ke7 41. Nb6 Kd6 42. Kc4 Kc6 43. d4 Rb7 44. d5+ exd5+ 45. Nxd5 Ra7 46. a6 Kd6 47.
Nb4 h4 48. Kb5 h3 49. Kb6 Ra8 50. Kb7 Re8 51. a7 Re7+ 52. Kb6 Re8 53. Na6 Ra8 54. Kb7 Rxa7+ 55. Kxa7 Kd5 56. Kb6 Ke4 57. Nc5+ Kf3 58. Nd7 Kg2 59. Ne5 Kxh2 60. Nxf7 Kxg3 61. Ne5 h2 62. Nxg6 h1=Q 0-1

[Event "*** Titled Tuesday 3|2 Blitz (Early)"]
[Site "Chess.com"]
[Date "2016.12.06"]
[Round "8"]
[White "SCIM"]
[Black "stuffings101"]
[Result "0-1"]
[WhiteElo "2270"]
[BlackElo "2182"]
[TimeControl "180+2"]
[EndTime "12:50:36 PST"]
[Termination "stuffings101 won by resignation"]

1. e4 d6 2. d4 Nf6 3. Nc3 g6 4.
Bg5 Bg7 5. Qd2 h6 6. Bh4 g5 7. Bg3 Nh5 8. O-O-O Nc6 9. Nge2 e6 10. h4 g4 11. Qe3 Bd7 12. Nf4 Nxg3 13. fxg3 h5 14. Bb5 Qe7 15. Kb1 a6 16. Ba4 O-O-O 17. d5 Nb8 18. dxe6 Bxe6 19. Nxe6 fxe6 20. Bb3 Nc6 21. Qg5 Bf6 22. Qd2 Kb8 23. Rhf1 Be5 24. Ne2 Rdf8 25.
Nf4 Bxf4 26. gxf4 e5 27. g3 exf4 28. Rxf4 Rf6 29. Rdf1 Rhf8 30. a3 Qe5 31. Rxf6 Rxf6 32. Rxf6 Qxf6 33. Bd5 Qf1+ 34. Ka2 Ne5 35. Qb4 b6 36.
Qc3 Qf3 37. Qe1 Ka7 38. a4 a5 39. Bb3 Kb8 40. Bd5 Ka7 41. Ka1 Qg2 42. Kb1 Qf3 43. Ka2 Kb8 44. Qd2 Qxg3 45. Qg5 c6 46.
Qd8+ Kb7 47. Qe7+ Ka6 48. Qe8 Kb7 49. Qe7+ Ka6 50. Be6 b5 51. Qc7 bxa4 52. Qxd6 Qf4 53. Bc4+ Kb6 54. Qb8+ Kc5 55. Be6 Qxe4 56. Qa7+ Kd6 57. Bg8 g3 58. Qb8+ Kc5 59. Qa7+ Kd6 60. Qb8+ Ke7 61. Qc7+ Kf6 62. Qd8+ Kg7 63. Be6 Nf7 64.
Qd7 Qg6 65. Bxf7 Qxf7+ 0-1

[Event "*** Titled Tuesday 3|2 Blitz (Early)"]
[Site "Chess.com"]
[Date "2016.12.06"]
[Round "8"]
[White "ulises2013"]
[Black "Peroncio"]
[Result "1-0"]
[WhiteElo "2311"]
[BlackElo "2504"]
[TimeControl "180+2"]
[EndTime "12:50:39 PST"]
[Termination "ulises2013 won by resignation"]

1. e4 e5 2. Nf3 Nc6 3. Bc4 Nf6 4.
O-O Be7 5. d3 O-O 6. Nc3 d6 7. Bg5 Na5 8. Bb3 Nxb3 9. axb3 Be6 10. Be3 a6 11. Ng5 Bd7 12. f4 Ng4 13. Bd2 exf4 14.
Nh3 Ne3 15. Bxe3 fxe3 16. Qf3 Bf6 17. Qxe3 c6 18. Nf4 Re8 19. Qf2 Qe7 20. Kh1 Rf8 21.
Rae1 Rae8 22. d4 Bg5 23. Nd3 Qd8 24. e5 Be6 25. exd6 Qxd6 26. Ne4 Qd8 27. Nxg5 Qxg5 28. Re5 Qg6 29. Rfe1 Bd7 30. Rxe8 Rxe8 31. Rxe8+ Bxe8 32.
Qe3 Kf8 33. h3 Qd6 34. Qe4 h6 35. Nc5 b6 36. Nd3 a5 37. Ne5 f6 38. Nf3 Bf7 39.
Kg1 Bd5 40. Qg4 Qe7 41. Kf2 Kf7 42. Qf5 Kg8 43. Qc8+ Kf7 44. Qf5 b5 45. Ne5+ Kg8 46. Qc8+ Kh7 47. Qf5+ Kg8 48. Qc8+ Qf8 49. Qxf8+ Kxf8 50.
Nd3 Ke7 51. g3 Kd6 52. Ke3 Be6 53. h4 g5 54. hxg5 hxg5 55. Nc5 Bf5 56. c3 Bc8 57. Kd3 f5 58. Ke3 Kd5 59. Nd3 Be6 60. Nc5 Bc8 61. Nd3 Kd6 62. Nc5 Be6 63. Nb7+ Kc7 64.
Nxa5 Kb6 65. b4 Bd5 66. b3 Be6 67. c4 Bf7 68. Kf3 Bh5+ 69. Ke3 Bf7 70. Kd3 Bh5 71. Ke3 Be8 72. d5 c5 73. cxb5 cxb4 74. Nc4+ Kc5 75.
b6 Bc6 76. dxc6 Kxc6 77. Kd4 f4 78. gxf4 g4 79. Ke3 g3 80. Kf3 1-0

[Event "*** Titled Tuesday 3|2 Blitz (Early)"]
[Site "Chess.com"]
[Date "2016.12.06"]
[Round "8"]
[White "Iball95"]
[Black "Firebullet"]
[Result "1/2-1/2"]
[WhiteElo "2478"]
[BlackElo "2334"]
[TimeControl "180+2"]
[EndTime "12:52:01 PST"]
[Termination "Game drawn by repetition"]

1. e4 c5 2. Nf3 Nc6 3. Bb5 Nf6 4.
Bxc6 dxc6 5. d3 Qc7 6. e5 Nd5 7.
c4 Nb6 8. O-O Bf5 9. Qe2 Rd8 10.
Rd1 g6 11. b3 Bg7 12. Bb2 O-O 13. h3 Rfe8 14. g4 Bc8 15. Nbd2 Nd7 16. Nf1 Nf8 17. Qe3 Ne6 18. Ng3 Nd4 19. Nxd4 cxd4 20. Bxd4 Rxd4 21. Qxd4 Bxe5 22. Qe3 Bxa1 23. Rxa1 c5 24. Ne4 Qe5 25. Re1 b6 26. f4 Qe6 27. Ng5 Qxe3+ 28.
Rxe3 e6 29. Ne4 Rd8 30. Kf2 Kg7 31. g5 Rd4 32. Kg3 Bb7 33. Nf6 Bc6 34. h4 h5 35. a3 Kf8 36. Ne4 Bxe4 37. dxe4 Ke7 38. f5 Kd6 39. e5+ Ke7 40. fxg6 fxg6 41. Rf3 Rg4+ 42.
Kh3 Re4 43. Rf6 Re3+ 44. Kg2 Rxb3 45. Rxg6 Rxa3 46. Rh6 b5 47. cxb5 c4 48. Rh7+ Kf8 49. Rc7 c3 50. Rc6 Ra2+ 51. Kf3 c2 52. Ke3 Rb2 53. Kd4 Kf7 54. Rc5 Kg6 55. Kd3 c1=Q 56. Rxc1 Rxb5 57. Rf1 Rxe5 58. Rf6+ Kg7 59. Rh6 a5 60.
Rxh5 a4 61. Rh6 a3 62. Rf6 a2 63. Rf1 Ra5 64. Ra1 Kg6 65. Ke4 Kh5 66. Kf4 Kg6 67. Ke4 Kh5 68. Kf4 Kg6 69. Ke4 Kf7 70. Kf4 Kg6 71.
Ke4 e5 72. Kd3 Kh5 73. Ke4 Kg6 74. Kd3 Kf5 75. Kc3 e4 76. Kd4 Ra4+ 77. Ke3 Ke5 78.
g6 Ra3+ 79. Ke2 Rg3 80. h5 Rg5 81. Ke3 Rxh5 82. Rg1 Rh3+ 83. Ke2 Rh2+ 84. Ke3 Rg2 85. Ra1 Rxg6 86. Rxa2 Rg3+ 87. Kf2 Rh3 88. Ra8 Kf4 89. Rf8+ Ke5 90. Re8+ Kf5 91. Rf8+ Ke5 92. Re8+ Kf5 93. Rf8+ Ke5 1/2-1/2

[Event "*** Titled Tuesday 3|2 Blitz (Early)"]
[Site "Chess.com"]
[Date "2016.12.06"]
[Round "9"]
[White "RamonManon0g"]
[Black "Grootneus"]
[Result "0-1"]
[WhiteElo "2266"]
[BlackElo "2093"]
[TimeControl "180+2"]
[EndTime "12:57:46 PST"]
[Termination "Grootneus won by resignation"]

1. d4 Nf6 2. Bg5 Ne4 3. Bf4 d5 4.
f3 Nf6 5. e4 dxe4 6. Nc3 e3 7.
Bxe3 e6 8. Qd2 c5 9. dxc5 Qxd2+ 10. Kxd2 Nbd7 11. Bb5 Be7 12. Nge2 O-O 13. b4 a6 14. Bd3 a5 15. a3 Ne5 16. Nd4 axb4 17. axb4 Rxa1 18.
Rxa1 b6 19. cxb6 Bxb4 20. Rb1 Nd5 21. Ne2 Bb7 22. Bd4 Nc6 23. Kd1 Nxd4 24. Kd2 Nxe2 25. Bxe2 Bxc3+ 26. Kd1 Ra8 27. Bc4 Ne3+ 0-1

[Event "*** Titled Tuesday 3|2 Blitz (Early)"]
[Site "Chess.com"]
[Date "2016.12.06"]
[Round "9"]
[White "Sethu0025"]
[Black "VitaliyBernadskiy"]
[Result "1-0"]
[WhiteElo "2622"]
[BlackElo "2588"]
[TimeControl "180+2"]
[EndTime "12:57:59 PST"]
[Termination "Sethu0025 won by checkmate"]

1. e4 c6 2. d4 d5 3. e5 Bf5 4.
Nf3 e6 5. Be2 Bb4+ 6. c3 Ba5 7.
Nbd2 Nd7 8. Nf1 f6 9. Ng3 Bg6 10. h4 Bc7 11. h5 Bf7 12. exf6 Ngxf6 13. h6 g6 14. Bg5 O-O 15. Qc2 Qb8 16. Nf1 Ne4 17.
Be3 e5 18. O-O-O Be6 19. N1d2 Bf5 20. Qb3 Nxd2 21. Nxd2 a5 22. a4 exd4 23. Bxd4 Be5 24. Be3 Bf4 25. c4 Bxe3 26. fxe3 Nc5 27. Qc3 Nxa4 28.
Qg7# 1-0